 Dungeon Crawl Stone Soup version 0.24.1-8-ga250c9d538 (webtiles) character file.

Game seed: 11433101668904984284, levelgen mode: deterministic

185 Peloso the Shield-Bearer (level 5, -1/41 HPs)
             Began as a Demonspawn Fighter on Apr 30, 2020.
             Slain by an elf zombie (4 damage)
             ... in an ossuary.
             The game lasted 00:06:16 (2284 turns).

Peloso the Shield-Bearer (Demonspawn Fighter)       Turns: 2284, Time: 00:06:16

Health: -1/41      AC:  8    Str: 22    XL:     5   Next: 37%
Magic:  5/5        EV:  8    Int:  9    God:
Gold:   150        SH: 13    Dex: 13    Spells: 4/4 levels left

rFire    . . .     SeeInvis .   a - +0 long sword
rCold    . . .     Gourm    .   c - +0 shield
rNeg     . . .     Faith    .   n - +0 scale mail
rPois    .         Spirit   .   (no helmet)
rElec    .         Reflect  .   (no cloak)
rCorr    .         Harm     .   (no gloves)
MR       .....                  m - +0 pair of boots
Stlth    ..........             (no amulet)
HPRegen  0.13/turn              (no ring)
MPRegen  0.09/turn              (no ring)

@: mighty, hasted (expiring), very quick
A: claws 1, large bone plates 1
a: no special abilities


You were in an ossuary.
You were very hungry.

You visited 1 branch of the dungeon, and saw 4 of its levels.
You also visited: Ossuary.

You collected 150 gold pieces.

Inventory:

Hand Weapons
 a - a +0 long sword (weapon)
 b - a +1 whip of electrocution
Armour
 c - a +0 shield (worn)
 m - a +0 pair of boots (worn)
 n - a +0 scale mail (worn)
Scrolls
 e - 2 scrolls of remove curse
 g - a scroll of fog {unknown}
 h - a scroll of enchant armour
 i - a scroll of teleportation
Potions
 d - a potion of might
 j - a potion of lignification
 p - a potion of agility
Comestibles
 f - 7 rations


   Skills:
 + Level 3.3 Fighting
 + Level 3.3 Long Blades
 + Level 3.3 Armour
 + Level 1.0 Dodging
 + Level 0.2 Stealth
 + Level 3.7 Shields


You had 4 spell levels left.
You didn't know any spells.
Your spell library was empty.

Dungeon Overview and Level Annotations

Branches:
Dungeon (4/15)             Temple (0/1) D:4         Ossuary (1/1)

Altars:
Dithmenos
Elyvilon
Gozag
Kikubaaqudgha
Ru


Innate Abilities, Weirdness & Mutations

You have sharp fingernails.
You are partially covered in large bone plates. (SH +4)


Message History

The elf zombie is heavily damaged.
The goblin zombie hits you but does no damage.
The big kobold zombie hits you.
* * * LOW HITPOINT WARNING * * *
The elf zombie hits you.
* * * LOW HITPOINT WARNING * * *
You slash the elf zombie!
The elf zombie is severely damaged.
The elf zombie barely misses you. The goblin zombie hits you.
* * * LOW HITPOINT WARNING * * *
Unknown command.
The elf zombie barely misses you. You block the goblin zombie's attack.
Unknown command.
You are feeling very hungry.
You slash the goblin zombie!
You destroy the goblin zombie!
Your extra speed is starting to run out.
The elf zombie hits you.
You die...

####################
#$$#.....ZZ.@..∩....
#$$#....ZZZZ........
##+#......Z..#####..
#......................
#......................
#.....##...............
#.....##...............
#......................
#..#...................


You could see a rat zombie, a goblin zombie, a gnoll zombie, a big kobold zombie
and 3 elf zombies.

Vanquished Creatures
  An orc wizard (D:4)
  A worker ant (D:4)
  2 mummies (Ossuary)
  3 adders (D:3)
  A worm (D:3)
  2 dart slugs (D:1)
  2 leopard geckos
  2 orcs (D:3)
  5 giant cockroaches
  4 hobgoblins
  6 jackals (D:1)
  12 kobolds
  A quokka (D:2)
  A ball python (D:2)
  8 bats
  2 frilled lizards
  10 goblins
  A goblin zombie (Ossuary)
  A hobgoblin zombie (Ossuary)
  2 jackal zombies (Ossuary)
  7 rats
  A rat zombie (Ossuary)
75 creatures vanquished.

Vanquished Creatures (others)
  An orc wizard (D:4)
1 creature vanquished.

Grand Total: 76 creatures vanquished

Notes
Turn   | Place    | Note
-------+----------+-------------------------------------------
     0 | D:1      | Peloso the Demonspawn Fighter began the quest for the Orb.
     0 | D:1      | Reached XP level 1. HP: 18/18 MP: 1/1
    71 | D:1      | Gained mutation: You have sharp fingernails. [demonic
                  | ancestry]
    71 | D:1      | Reached XP level 2. HP: 14/24 MP: 2/2
   673 | D:2      | Reached XP level 3. HP: 26/29 MP: 3/3
   917 | D:2      | Found a white marble altar of Elyvilon.
  1231 | D:3      | Gained mutation: You are partially covered in large bone
                  | plates. (SH +4) [demonic ancestry]
  1231 | D:3      | Reached XP level 4. HP: 12/35 MP: 4/4
  1659 | D:3      | Found a shadowy altar of Dithmenos.
  1827 | D:3      | Found an ancient bone altar of Kikubaaqudgha.
  1829 | D:3      | Found an opulent altar of Gozag.
  1930 | D:3      | Found a faded altar of an unknown god.
  2093 | D:4      | Found a sand-covered staircase.
  2143 | D:4      | Found a sacrificial altar of Ru.
  2178 | D:4      | Reached XP level 5. HP: 16/41 MP: 5/5
  2223 | Ossuary  | Entered an ossuary
  2262 | Ossuary  | Reached skill level 1 in Dodging
  2284 | Ossuary  | Slain by an elf zombie

Levels and vault maps discovered:
D:1:      sevenhm_arrival_forest_fort_large_3, layout_basic
D:2:      layout_rooms, elyvilon_altar_4
D:3:      layout_basic, nicolae_dithmenos_through_a_glass_darkly,
          nicolae_overflow_hidden_temple, chequers_ecumenical_altar_twisty
D:4:      layout_basic, nicolae_ru_sacrificial_ziggurat,
          minmay_temple_entry_mini_moons, gup_sewer_entry_bubbles, first_ration,
          nicolae_ossuary_entry_false_entrances, small_statue_intersection,
          trog_butcher_becter, uniq_crazy_yiuf_cottage
Ossuary:  ossuary_minmay_tomb_2a

Skill      XL: |  1  2  3  4  5 |
---------------+----------------+-----
Shields        | 3 |  3.7
Armour         | 3 |  3.3
Long Blades    | 2 3 |  3.3
Dodging        | 1 |  1.0
Fighting       | |  3.3
Stealth        | |  0.2

Action                   |  1- 3 |  4- 6 || total
-------------------------+-------+-------++-------
Melee: Long sword        |   181 |    65 ||   246
       Whip              |     1 |       ||     1
  Use: Scroll            |     1 |     6 ||     7
       Potion            |     1 |     4 ||     5
  Eat: Chunk             |     2 |     2 ||     4
Armor: Scale mail        |   132 |    23 ||   155
       Skin              |       |     9 ||     9
Dodge: Dodged            |    81 |    25 ||   106
Block: Shield            |   127 |    67 ||   194
       Rpst.: Long sword |    29 |     8 ||    37
